 Dungeon Crawl Stone Soup version 0.18.1-5-g4a78601 (webtiles) character file.

1648566 inmateoo the Wrestler (level 27, 169/169 HPs)
             Began as a Tengu Monk on May 11, 2016.
             Was the Champion of Okawaru.
             Escaped with the Orb
             ... and 3 runes!
             The game lasted 03:35:16 (79900 turns).

inmateoo the Wrestler (Tengu Monk)                 Turns: 79900, Time: 03:35:17

Health: 169/169    AC: 45    Str: 23    XL:     27
Magic:  43/51      EV: 22    Int:  6    God:    Okawaru [******]
Gold:   6059       SH: 18    Dex: 26    Spells: 9 memorised, 27 levels left

rFire  + + +     SeeInvis .       - Unarmed
rCold  + . .     Gourm    .     n - +12 gold dragon armour
rNeg   + . .     Faith    .     R - +2 shield of the Jabberwock {rElec rPois MR++ Stlth+}
rPois  +         Spirit   +     w - +2 hat
rElec  +         Dismiss  .     Y - +1 ratskin cloak {rPois rN+ Int-1 Dex-1}
rCorr  .         Reflect  .     p - +3 pair of gloves "Istrol" {rF+ Dex+3}
SustAt .         Harm     .     (boots unavailable)
MR     +++++     Clarity  +     e - amulet of guardian spirit
Stlth  ..........               c - ring of Huwigul {+Inv rPois MR++ Str+2 Int-4}
                                k - ring "Oghizxorph" {rPois rF+ MP+9 Stlth-}

@: flying quickly and evasively, very slightly contaminated, repel missiles,
quick, almost entirely resistant to hostile enchantments, extremely unstealthy
A: beak, claws 1, horns 1, talons 3, slimy green scales 1, camouflage 2, agile
2, berserk 1, clarity, sense surroundings 1, MP-powered wands, able to fly 2
a: Stop Flying, Heroism, Finesse, Renounce Religion, Evoke Invisibility
0: Orb of Zot
}: 3/15 runes: serpentine, barnacled, silver


You escaped.
You worshipped Okawaru.
Okawaru was exalted by your worship.
You were not hungry.

You visited 9 branches of the dungeon, and saw 50 of its levels.
You visited 1 ziggurat, and saw 7 of its levels.
You also visited: Labyrinth, Ice Cave and Wizlab.

You collected 7635 gold pieces.
You spent 1576 gold pieces at shops.

Inventory:

Armour
 n - a +12 gold dragon armour (worn)
 p - the +3 pair of gloves "Istrol" (worn) {rF+ Dex+3}
   (Okawaru gifted it to you on level 4 of the Vaults)

   It affects your dexterity (+3).
   It protects you from fire.
 w - a +2 hat (worn)
 R - the +2 shield of the Jabberwock (worn) {rElec rPois MR++ Stlth+}
   (You acquired it on level 3 of the Lair of Beasts)

   It insulates you from electricity.
   It protects you from poison.
   It affects your resistance to hostile enchantments.
   It makes you more stealthy.
 Y - the +1 ratskin cloak (worn) {rPois rN+ Int-1 Dex-1}
   (You acquired it on level 14 of the Dungeon)

   It affects your intelligence (-1).
   It affects your dexterity (-1).
   It protects you from poison.
   It protects you from negative energy.
Rods
 C - a +9 lightning rod (17/17)
   (You found it in a labyrinth)
 L - a +3 rod of shadows (9/9)
   (You found it on level 3 of a ziggurat)
Jewellery
 c - the ring of Huwigul (right hand) {+Inv rPois MR++ Str+2 Int-4}
   (You found it on level 1 of the Snake Pit)

   [ring of poison resistance]

   It affects your strength (+2).
   It affects your intelligence (-4).
   It protects you from poison.
   It affects your resistance to hostile enchantments.
   It lets you turn invisible.
 e - an amulet of guardian spirit (around neck)
 k - the ring "Oghizxorph" (left hand) {rPois rF+ MP+9 Stlth-}
   (You took it off an orc on level 1 of the Vaults)

   [ring of loudness]

   It protects you from fire.
   It protects you from poison.
   It affects your magic capacity (+9).
   It makes you less stealthy.
 s - an uncursed ring of sustain attributes
 F - an uncursed ring of see invisible
 T - an uncursed ring of resist corrosion
Wands
 i - a wand of digging (6/24)
 x - a wand of teleportation (6/9)
 D - a wand of heal wounds (5/9)
Scrolls
 a - 2 scrolls of silence
 g - a scroll of enchant armour
 o - 23 scrolls of remove curse
 v - 5 scrolls of blinking
 y - 2 scrolls of recharging
 E - 8 scrolls of fog
 G - 6 scrolls of teleportation
 K - 8 scrolls of fear
 N - 8 scrolls of identify
 S - 8 scrolls of amnesia
 V - a scroll of magic mapping
 W - a scroll of summoning
 X - 2 scrolls of holy word
Potions
 d - 10 potions of cure mutation
 f - 3 potions of heal wounds
 l - 5 potions of cancellation
 q - 3 potions of magic
 r - 3 potions of brilliance
 u - 3 potions of ambrosia
 z - 5 potions of agility
 A - 18 potions of curing
 I - 5 potions of invisibility
 U - 2 potions of berserk rage
Miscellaneous
 h - a fan of gales
 j - a box of beasts {used: 12}
 B - a box of beasts
 J - a stone of tremors
 M - a sack of spiders {used: 6}
 P - a lamp of fire
Comestibles
 b - 31 bread rations
 m - 4 meat rations


   Skills:
 + Level 16.5 Fighting
 + Level 17.3 Armour
 + Level 17.6 Dodging
 - Level 2.0 Stealth
 + Level 17.9 Shields
 * Level 23.6 Unarmed Combat
 + Level 14.5 Spellcasting
 * Level 15.0 Charms
 + Level 7.0 Necromancy
 + Level 12.7 Translocations
 - Level 6.4 Invocations
 + Level 17.3 Evocations


You had 27 spell levels left.
You knew the following spells:

 Your Spells              Type           Power        Failure   Level  Hunger
a - Apportation           Tloc           ###.......   1%          1    None
b - Blink                 Tloc           N/A          2%          2    #......
c - Shroud of Golubria    Chrm/Tloc      ###.......   1%          2    #......
d - Passage of Golubria   Tloc           N/A          17%         4    ####...
e - Song of Slaying       Chrm           ###.....     1%          2    #......
f - Regeneration          Chrm/Necr      ###.......   12%         3    ###....
g - Deflect Missiles      Chrm/Air       ##........   100%        6    #######
h - Haste                 Chrm           ###.....     88%         6    #######
i - Repel Missiles        Chrm/Air       ##....       21%         2    #......


Dungeon Overview and Level Annotations

Branches:
Dungeon (15/15)            Temple (0/1) D:7            Lair (8/8) D:9
 Shoals (4/4) Lair:6        Snake (4/4) Lair:5        Slime (0/6) Lair:8
    Orc (2/2) D:10            Elf (2/3) Orc:2        Vaults (5/5) D:13
  Crypt (0/3) Vaults:2     Depths (5/5) D:15            Zot (5/5) Depths:5

Altars:
Cheibriados
Elyvilon
Okawaru
Qazlal
Sif Muna
Trog
Vehumet
Xom
Yredelemnul
Beogh
Jiyva

Shops:
D:7 !%[   Orc:1 [   Orc:2 }:*!*   Snake:1 (   Snake:4 :

Portals:
Hell: Depths:1 Depths:2 Depths:3 Depths:4 Depths:5
Abyss: Depths:4
Pandemonium: Depths:2 Depths:3

Annotations:
Elf:2 2 runed doors


Innate Abilities, Weirdness & Mutations

You have a beak for a mouth.
You have claws for feet.
You can fly continuously.
You have sharp fingernails.
You have a pair of small horns on your head.
You are partially covered in slimy green scales (AC +2).
Your skin blends seamlessly with your surroundings (Stealth).
You are very agile. (Dex +4)
You tend to lose your temper in combat.
You possess an exceptional clarity of mind.
You passively map a small area around you.
You expend magic power (3 MP) to strengthen your wands.


Message History

Evoke which item? (* to show all) (? for menu, Esc to quit)
Zapping:
i - a wand of digging (7/24)
Press: ? - help, Shift-Dir - straight line The rock shatters into small pieces.
This wand has 6 charges left.
A bat comes into view.
You block the bat's attack.
Casting: Passage of Golubria
Confirm with . or Enter, or press ? or * to list all spells.
Aiming: Passage of Golubria
Press: ? - help, Dir - move target cursor The bat misses you.
You enter the passage of Golubria.
There is a passage of Golubria here.
You see here a robe.
You block the bat's attack. You block the bat's attack.
You block the bat's attack.
There is a staircase leading out of the dungeon here.
You block the bat's attack.
You have escaped!

#.......# #..........####.###
#......#############..# #.#
####..#≈≈≈.......≈≈≈#.####.#
#######.#≈≈.........≈≈#....#.###
#....##.#≈...........≈###......#
#....##.#.............#####.....
#....##.......≈≈≈........###..##
#....##......≈...≈.......# #....
####.........≈.@.≈.......# #..#.
#.#...)...≈..b≈.......# ##.#.
#..#.......≈≈≈.......## #...
##.#.#........^....#..# #...
#...#≈...........≈##.# #.#.
###.#≈≈.........≈≈#..####.#.
###.#≈≈≈.1.....≈≈≈##..##..##
#....####.##########..##.###
#..#..............###....#


You could see a Tzitzimitl and a bat.

Vanquished Creatures
  2 orbs of fire (Zot:5)
  Mennas (Vaults:4)
  5 ancient liches
  Sojobo (Depths:2)
  A curse toe (Zot:5)
  6 Killer Klowns (Zot:5)
  5 caustic shrikes
  A bone dragon (Depths:5)
  Nikola (Snake:2)
  15 golden dragons
  7 liches
  Xtahua (Depths:2)
  4 electric golems
  Jorgrun (Depths:2)
  14 tentacled monstrosities
  Rupert (D:14)
  A quicksilver dragon (Vaults:5)
  19 Orb Guardians (Zot:5)
  2 krakens (Shoals:4)
  8 titans
  An acid blob (Zig:7)
  The ghost of dorian the Severer, an adept FoAK of Lugonu (D:14)
  8 sphinxes
  17 death cobs
  7 tengu reavers
  2 azure jellies (Zig:7)
  3 shadow dragons
  2 draconian monks
  13 frost giants
  Ilsuiw (Shoals:4)
  8 greater nagas
  20 storm dragons
  9 fire giants
  5 ghost moths
  22 vault wardens
  3 deep elf sorcerers
  4 draconian knights
  3 draconian scorchers
  Donald (Shoals:1)
  Aizul (Shoals:2)
  An orc warlord (Vaults:1)
  Maud (D:11)
  5 draconian shifters
  A ghoul (Vaults:1)
  6 draconian annihilators
  2 deep elf elementalists (Vaults:5)
  4 war gargoyles
  25 very ugly things
  31 stone giants
  13 ironheart preservers
  8 vampire knights
  A blood saint (Zig:4)
  5 draconian callers
  5 deep elf demonologists
  A lorocyproca (D:15)
  3 spark wasps
  5 deep elf annihilators
  A dire elephant (shapeshifter) (Vaults:1)
  16 green draconians
  9 white draconians
  14 purple draconians
  10 yellow draconians
  A salamander stormcaller (Vaults:2)
  6 black draconians
  11 mottled draconians
  19 ettins
  2 red draconians
  3 deep elf death magi
  The ghost of ilikecats the Devastator, a journeyman DECj of Sif Muna (Orc:2)
  Snorg (Lair:4)
  4 merfolk javelineers
  2 statues (WizLab)
  38 vault guards
  15 ogre magi
  2 deep elf high priests (Vaults:5)
  8 merfolk impalers
  A minotaur (Lab)
  2 great orbs of eyes (shapeshifter)
  15 fire dragons
  12 great orbs of eyes
  The ghost of pedritolo the Grappler, a journeyman MiAs of Okawaru (D:11)
  28 yaktaur captains
  4 merfolk avatars
  Harold (Lair:3)
  2 entropy weavers
  7 rakshasas
  A hell beast (Depths:2)
  Fannar (Lair:3)
  5 spriggan air magi
  11 anacondas
  16 ice dragons
  20 naga warriors
  7 hydras
  Erica (D:11)
  6 centaur warriors
  Erolcha (D:11)
  2 alligator snapping turtles (Shoals:4)
  A merfolk aquamancer (Shoals:4)
  A catoblepas (Lair:8)
  11 dancing weapons
  2 death knights
  3 vampire magi
  12 deep troll shamans
  5 deep troll earth magi
  6 death yaks
  2 hell hogs (shapeshifter)
  2 tengu warriors
  2 spriggan berserkers
  4 shock serpents
  9 naga sharpshooters
  2 soul eaters (D:12)
  Nergalle (Lair:3)
  An iron giant skeleton (Depths:4)
  10 deep elf knights
  5 large abominations (Depths:1)
  2 hell knights
  3 shadow wraiths
  Sonja (D:11)
  4 fire crabs
  2 iron trolls
  A titan skeleton (Depths:4)
  7 salamander mystics
  A skeletal warrior (Vaults:1)
  4 wizards
  A deep troll (shapeshifter) (Vaults:5)
  A swamp dragon (Vaults:1)
  11 sea snakes
  13 deep elf archers
  6 unseen horrors
  8 giant orange brains
  5 flayed ghosts
  14 ironbrand convokers
  29 deep trolls
  5 phantasmal warriors
  6 hill giants
  12 naga ritualists
  Pikel (D:7)
  A lindwurm (shapeshifter) (Vaults:5)
  22 orc knights
  An orb spider (Zig:5)
  An anubis guard (shapeshifter) (Depths:4)
  2 obsidian statues
  A harpy (shapeshifter) (Depths:3)
  28 harpies
  2 orange crystal statues
  12 griffons
  53 deep elf magi
  3 necromancers
  3 wolf spiders
  A cyclops (shapeshifter) (Vaults:4)
  2 oklob plants (Zot:4)
  2 orc sorcerers
  52 ugly things
  A shadow dragon skeleton (Vaults:3)
  A wolf spider (shapeshifter) (Depths:4)
  11 cyclopes
  18 salamanders
  8 hornets
  18 mana vipers
  A faun (shapeshifter) (Depths:5)
  5 fauns
  An elephant (shapeshifter) (Vaults:3)
  11 manticores
  A sphinx skeleton (Depths:4)
  A sixfirhy (D:7)
  3 rust devils
  A guardian serpent (shapeshifter) (Vaults:3)
  34 black mambas
  8 elephants
  5 guardian serpents
  6 water nymphs
  23 moths of wrath
  12 sirens
  Joseph (D:7)
  Psyche (D:9)
  22 naga magi
  Maurice (D:12)
  An eye of devastation (Zig:7)
  13 vault sentinels
  A gargoyle (D:11)
  A torpor snail (Zig:5)
  An orange demon (Depths:2)
  5 spectral swamp worms
  11 spiny frogs
  2 spiny frogs (shapeshifter)
  2 rime drakes
  An ice statue (D:13)
  A human zombie (Vaults:3)
  66 yaktaurs
  11 komodo dragons
  A kobold demonologist (D:14)
  A spark wasp simulacrum (Depths:4)
  2 hellions (Zot:3)
  2 efreet
  2 hellwings
  An ice devil (D:12)
  4 tengu conjurers
  A spriggan druid (Lair:8)
  6 freezing wraiths
  25 merfolk
  A red devil (D:12)
  A yaktaur (shapeshifter) (Depths:3)
  12 trolls
  A jumping spider (Zig:5)
  2 burning bushes (Zot:4)
  3 wind drakes
  A wolf spider simulacrum (IceCv)
  7 polar bears (Lair:8)
  23 two-headed ogres
  A blink frog (shapeshifter) (Vaults:1)
  22 blink frogs
  19 slime creatures
  10 air elementals
  A fire giant simulacrum (Vaults:3)
  8 water elementals
  15 redbacks
  10 snapping turtles
  5 boulder beetles
  A tarantella (Vaults:4)
  7 basilisks
  A hog (shapeshifter) (Depths:4)
  16 spriggans
  57 yaks
  A yak (shapeshifter) (Vaults:4)
  4 wraiths
  A basilisk (shapeshifter) (Depths:1)
  5 fire elementals
  12 hippogriffs
  5 hungry ghosts
  A fire bat (Shoals:2)
  2 steam dragons
  19 vampire mosquitoes
  2 wyverns
  A human (shapeshifter) (D:15)
  2 mottled dragons (Vaults:1)
  Menkaure (D:5)
  64 nagas
  A warg (shapeshifter) (Depths:4)
  5 wargs
  A soldier ant (shapeshifter) (Elf:1)
  10 water moccasins
  A giant eyeball (shapeshifter) (Depths:4)
  4 giant eyeballs
  10 porcupines
  A porcupine (shapeshifter) (Depths:2)
  An alligator simulacrum (IceCv)
  8 black bears
  6 wasps
  11 ice beasts
  2 ice beasts (shapeshifter)
  4 sky beasts
  42 orc warriors
  4 eyes of draining
  A necrophage (D:12)
  3 phantoms
  An eye of draining (shapeshifter) (Vaults:2)
  65 ogres
  A tengu (Vaults:5)
  20 wolves
  6 boggarts
  20 crocodiles
  16 centaurs
  6 big kobolds
  18 giant frogs
  7 small abominations (Depths:1)
  3 earth elementals
  7 gnoll sergeants
  A wyvern zombie (D:7)
  An elf simulacrum (Vaults:1)
  6 scorpions
  A water moccasin skeleton (D:8)
  An elephant simulacrum (IceCv)
  6 killer bees
  14 wights
  5 howler monkeys
  5 electric eels
  7 crimson imps
  7 centaur zombies
  A giant frog zombie (D:13)
  A quasit (D:8)
  Crazy Yiuf (D:2)
  12 hounds
  5 centaur skeletons
  4 giant frog skeletons
  17 orc priests
  2 iron imps (D:12)
  5 jellies
  27 orc wizards
  Jessica (D:3)
  Terence (D:1)
  2 hell rats (Lair:4)
  17 iguanas
  3 lightning spires (Zot:4)
  5 worker ants
  A killer bee zombie (D:5)
  14 sheep
  A wolf simulacrum (IceCv)
  A hound zombie (D:5)
  2 hound skeletons
  11 gnolls
  A worker ant zombie (D:9)
  20 adders
  36 river rats
  6 shadow imps
  6 white imps
  An ooze (D:5)
  2 adder skeletons
  An adder zombie (D:5)
  4 worms (D:2)
  9 giant geckos
  99 orcs
  3 ball pythons
  3 giant cockroaches
  5 goblins
  2 hobgoblins
  15 jackals
  12 kobolds
  4 quokkas
  A ball python skeleton (D:5)
  8 bats
  8 giant newts
  A jackal skeleton (D:4)
  A quokka skeleton (D:9)
  A quokka zombie (D:5)
  5 rats
  A fire vortex (Zot:5)
  A plant (Shoals:2)
  6 tentacles (Shoals:4)
2487 creatures vanquished.

Vanquished Creatures (collateral kills)
  2 juggernauts
  Saint Roka (Vaults:1)
  the Enchantress (Depths:2)
  Jory (Depths:5)
  An iron giant (Depths:3)
  A lich (Zig:6)
  A shadow dragon (Vaults:5)
  2 tengu reavers
  An iron dragon (Vaults:5)
  A frost giant (Depths:3)
  A draconian scorcher (Zig:6)
  A draconian knight (Zot:2)
  An ironheart preserver (Vaults:4)
  2 draconian zealots (Zot:2)
  4 spriggan defenders
  A purple draconian (WizLab)
  2 black draconians
  A yellow draconian (Zot:2)
  A green draconian (Zot:2)
  2 white draconians
  A spark wasp (shapeshifter) (Vaults:4)
  A spark wasp (Depths:4)
  A merfolk impaler (Shoals:4)
  2 naga warriors (Snake:2)
  An ice dragon (Depths:2)
  An alligator snapping turtle (Shoals:4)
  An ogre mage (Vaults:5)
  2 spriggan air magi
  3 merfolk aquamancers (Shoals:4)
  A spriggan berserker (Depths:2)
  2 salamander mystics (Zig:6)
  A deep troll (shapeshifter) (D:15)
  3 harpies (Shoals:4)
  A wizard (Zig:6)
  An orc knight (Vaults:2)
  An ugly thing (D:15)
  A deep elf mage (Vaults:4)
  A griffon (Shoals:4)
  A water nymph (Shoals:4)
  A vault sentinel (Vaults:4)
  A naga mage (Zig:6)
  A freezing wraith (Vaults:4)
  A komodo dragon (shapeshifter) (Vaults:4)
  A yaktaur skeleton (Vaults:3)
  3 merfolk
  A wind drake (Shoals:4)
  A slime creature (D:12)
  A snapping turtle (Shoals:4)
  A redback (Zig:5)
  A spriggan (Depths:2)
  4 water elementals (Shoals:4)
  2 nagas (Snake:4)
  4 orc warriors
  2 ogres
  An orc wizard (Vaults:2)
  A lightning spire (Zot:4)
  A shadow imp (D:10)
  3 orcs
  A withered plant (D:14)
86 creatures vanquished.

Vanquished Creatures (others)
  A fire giant (Depths:2)
  2 draconian scorchers
  A deep elf high priest (Vaults:5)
  A deep elf knight (Vaults:1)
  A black mamba (Snake:2)
  A two-headed ogre (Vaults:1)
  An orc warrior (Vaults:1)
  2 ogres (Vaults:1)
  A giant frog (D:7)
  An orc simulacrum (Vaults:4)
  An orc wizard (D:4)
  An iguana (D:7)
  6 sheep (Lair:5)
  14 fungi
  28 plants
  8 tentacles (Shoals:4)
  313 tentacle segments (Shoals:4)
383 creatures vanquished.

Grand Total: 2956 creatures vanquished

Notes
Turn   | Place    | Note
--------------------------------------------------------------
     0 | D:1      | inmateoo the Tengu Monk began the quest for the Orb.
     0 | D:1      | Reached XP level 1. HP: 14/14 MP: 2/2
    82 | D:1      | Reached XP level 2. HP: 17/19 MP: 3/3
   306 | D:1      | Reached XP level 3. HP: 10/23 MP: 4/4
   758 | D:2      | Reached skill level 5 in Unarmed Combat
   809 | D:2      | Noticed Crazy Yiuf
   847 | D:2      | Killed Crazy Yiuf
   847 | D:2      | Reached XP level 4. HP: 25/28 MP: 5/5
   930 | D:2      | Noticed Terence
  1457 | D:2      | Gained mutation: You can fly. [Tengu growth]
  1457 | D:2      | Reached XP level 5. HP: 29/32 MP: 6/6
  1680 | D:3      | Noticed Jessica
  1698 | D:3      | Killed Jessica
  1763 | D:3      | Noticed a phantom
  1818 | D:3      | Killed a phantom
  1818 | D:3      | Reached skill level 1 in Shields
  1818 | D:3      | Reached skill level 6 in Unarmed Combat
  1818 | D:3      | Reached XP level 6. HP: 25/38 MP: 4/7
  2022 | D:3      | Reached skill level 1 in Armour
  2268 | D:4      | Reached XP level 7. HP: 24/43 MP: 6/8
  2665 | D:4      | Reached skill level 5 in Dodging
  3236 | D:5      | Entered Level 5 of the Dungeon
  3251 | D:5      | Reached skill level 7 in Unarmed Combat
  3295 | D:5      | Reached XP level 8. HP: 46/48 MP: 9/9
  3308 | D:5      | Gained mutation: You have a pair of small horns on your head. [mutagenic meat]
  3309 | D:5      | Gained mutation: Your skin changes colour to match your surroundings (Stealth). [mutagenic meat]
  3310 | D:5      | Gained mutation: You are partially covered in slimy green scales (AC +2). [mutagenic meat]
  3311 | D:5      | Gained mutation: You possess an exceptional clarity of mind. [mutagenic meat]
  3312 | D:5      | Gained mutation: Your skin blends seamlessly with your surroundings (Stealth). [mutagenic meat]
  3326 | D:5      | Found an iron altar of Okawaru.
  3335 | D:5      | Became a worshipper of Warmaster Okawaru
  3335 | D:5      | Reached * piety under Okawaru
  3335 | D:5      | Reached ** piety under Okawaru
  3336 | D:5      | Noticed Menkaure
  3342 | D:5      | Killed Menkaure
  3445 | D:5      | Reached skill level 1 in Invocations
  3547 | D:5      | Reached skill level 8 in Unarmed Combat
  3550 | D:5      | Reached skill level 5 in Fighting
  3596 | D:5      | Reached skill level 5 in Shields
  3889 | D:5      | Reached XP level 9. HP: 47/54 MP: 9/11
  3979 | D:5      | Reached *** piety under Okawaru
  4339 | D:6      | Found a bloodstained altar of Trog.
  4654 | D:6      | Reached skill level 9 in Unarmed Combat
  4768 | D:7      | Noticed Pikel
  4797 | D:7      | Killed Pikel
  4797 | D:7      | Reached **** piety under Okawaru
  4848 | D:7      | Found a staircase to the Ecumenical Temple.
  4868 | D:7      | Found Soxkyn's Armour Boutique.
  4891 | D:7      | Bought a +0 cloak of poison resistance for 110 gold pieces
  4952 | D:7      | Noticed Joseph
  4984 | D:7      | Killed Joseph
  4984 | D:7      | Reached XP level 10. HP: 45/60 MP: 9/13
  4986 | D:7      | Found Xadottam's Distillery.
  4986 | D:7      | Found Etogrom's Food Shoppe.
  4996 | D:7      | Bought a potion of heal wounds for 75 gold pieces
  4996 | D:7      | Bought a potion of agility for 60 gold pieces
  5156 | D:7      | Reached skill level 5 in Armour
  5920 | D:8      | Learned a level 1 spell: Apportation
  5923 | D:8      | Learned a level 2 spell: Blink
  5926 | D:8      | Learned a level 2 spell: Shroud of Golubria
  5931 | D:8      | Learned a level 4 spell: Passage of Golubria
  6053 | D:8      | Reached skill level 10 in Unarmed Combat
  6552 | D:8      | Reached ***** piety under Okawaru
  6671 | D:9      | Killed an unseen horror
  6671 | D:9      | Reached skill level 1 in Spellcasting
  6671 | D:9      | Reached skill level 1 in Translocations
  6776 | D:9      | Reached XP level 11. HP: 47/65 MP: 13/15
  7191 | D:9      | Found a snail-covered altar of Cheibriados.
  7202 | D:9      | Found a stormy altar of Qazlal.
  7316 | D:9      | Noticed Psyche
  7341 | D:9      | Killed Psyche
  7381 | D:9      | Found a staircase to the Lair.
  8073 | D:10     | Entered Level 10 of the Dungeon
  8420 | D:10     | Found a staircase to the Orcish Mines.
  8505 | D:10     | Reached skill level 11 in Unarmed Combat
  9068 | D:11     | Noticed Erolcha
  9116 | D:11     | Received a gift from Okawaru
  9133 | D:11     | Killed Erolcha
  9315 | D:11     | Noticed pedritolo's ghost (journeyman MiAs)
  9472 | D:11     | Killed pedritolo's ghost
  9472 | D:11     | Reached XP level 12. HP: 33/72 MP: 10/17
  9667 | D:11     | Noticed Sonja
  9683 | D:11     | Killed Sonja
  9746 | D:11     | Learned a level 2 spell: Song of Slaying
  9753 | D:11     | Learned a level 3 spell: Regeneration
  9783 | D:11     | Noticed Erica
  9798 | D:11     | Killed Erica
  9798 | D:11     | Reached skill level 5 in Invocations
  9940 | D:11     | Reached ****** piety under Okawaru
  9940 | D:11     | Received a gift from Okawaru
  9943 | D:11     | Got an amethyst-encrusted chain mail {god gift}
  9959 | D:11     | Identified the +5 chain mail of the Valley {rPois} (Okawaru gifted it to you on level 11 of the Dungeon)
 10069 | D:11     | Noticed Maud
 10085 | D:11     | Killed Maud
 10409 | D:12     | Noticed a soul eater
 10997 | D:12     | Noticed Maurice
 11014 | D:12     | Killed Maurice
 11283 | D:12     | Reached skill level 12 in Unarmed Combat
 11386 | D:12     | Noticed a rakshasa
 11386 | D:12     | Noticed a soul eater
 11386 | D:12     | Noticed a rakshasa
 11671 | D:13     | Reached skill level 10 in Shields
 11687 | D:13     | Found a gate to the Vaults.
 11940 | D:13     | Reached XP level 13. HP: 78/78 MP: 20/20
 12537 | D:13     | Received a gift from Okawaru
 12716 | D:14     | Found a basalt altar of Yredelemnul.
 12732 | D:14     | Noticed Rupert
 12734 | D:14     | Paralysed by Rupert for 7 turns
 12916 | Lair:1   | Entered Level 1 of the Lair of Beasts
 13162 | Lair:1   | Found a white marble altar of Elyvilon.
 13836 | Lair:2   | Reached skill level 5 in Spellcasting
 14758 | Lair:3   | Found a labyrinth entrance.
 14777 | Lab      | Entered a labyrinth
 15329 | Lab      | Noticed a minotaur
 15338 | Lab      | Killed a minotaur
 15378 | Lair:3   | Noticed Harold
 15402 | Lair:3   | Killed Harold
 15402 | Lair:3   | Reached skill level 13 in Unarmed Combat
 15426 | Lair:3   | Identified a scroll of acquirement
 15429 | Lair:3   | Got a dazzling shield
 15440 | Lair:3   | Identified the +2 shield of the Jabberwock {rElec rPois MR++ Stlth+} (You acquired it on level 3 of the Lair of Beasts)
 15483 | Lair:3   | Noticed Fannar
 15503 | Lair:3   | Killed Fannar
 15869 | Lair:3   | Reached skill level 1 in Evocations
 15898 | Lair:3   | Noticed Nergalle
 16035 | Lair:3   | Killed Nergalle
 16182 | Lair:3   | Gained mutation: You can fly continuously. [Tengu growth]
 16182 | Lair:3   | Reached XP level 14. HP: 84/84 MP: 23/23
 16358 | Lair:4   | Found a deep blue altar of Sif Muna.
 16608 | Lair:4   | Reached skill level 5 in Translocations
 16753 | Lair:4   | Noticed Snorg
 16764 | Lair:4   | Killed Snorg
 17181 | Lair:5   | Learned a level 6 spell: Deflect Missiles
 17272 | Lair:5   | Found a staircase to the Snake Pit.
 17476 | Lair:5   | Found a shimmering altar of Xom.
 17478 | Lair:5   | Found a frozen archway.
 17488 | IceCv    | Entered an ice cave
 17494 | IceCv    | Received a gift from Okawaru
 18818 | Lair:6   | Found a staircase to the Shoals.
 19654 | Lair:7   | Reached skill level 1 in Charms
 19744 | Lair:7   | Reached skill level 10 in Dodging
 19820 | Lair:7   | Identified a +4 rod of ignition (11/11) (You found it in a labyrinth)
 20087 | Lair:7   | Received a gift from Okawaru
 20760 | Lair:8   | Entered Level 8 of the Lair of Beasts
 21248 | Lair:7   | Received a gift from Okawaru
 21248 | Lair:7   | Reached XP level 15. HP: 69/90 MP: 19/25
 21259 | Lair:7   | Reached skill level 5 in Evocations
 21262 | Lair:7   | Got an encrusted scale mail {god gift}
 21274 | Lair:7   | Identified the +1 scale mail of Perpetual Drought {rC+ Stlth+} (Okawaru gifted it to you on level 7 of the Lair of Beasts)
 21532 | Lair:8   | Found a staircase to the Slime Pits.
 21533 | Lair:8   | Found a viscous altar of Jiyva.
 21579 | Lair:8   | Reached skill level 14 in Unarmed Combat
 22255 | Lair:8   | Gained mutation: You have sharp fingernails. [potion of beneficial mutation]
 22268 | Lair:8   | Learned a level 6 spell: Haste
 23145 | Orc:1    | Entered Level 1 of the Orcish Mines
 23223 | Orc:2    | Entered Level 2 of the Orcish Mines
 23244 | Orc:2    | Found Cuuj Umeka's Book Boutique.
 23316 | Orc:2    | Received a gift from Okawaru
 23400 | Orc:2    | Found Offauv's Assorted Antiques.
 23486 | Orc:2    | Found Umimorch's Gadget Boutique.
 23542 | Orc:2    | Found Qutogg's Distillery.
 23550 | Orc:2    | Found Pircheid's General Store.
 23553 | Orc:2    | Bought a potion of berserk rage for 70 gold pieces
 23553 | Orc:2    | Bought a potion of heal wounds for 70 gold pieces
 23553 | Orc:2    | Bought a potion of heal wounds for 70 gold pieces
 23570 | Orc:2    | Found a staircase to the Elven Halls.
 23576 | Orc:2    | Noticed ilikecats's ghost (journeyman DECj)
 23593 | Orc:2    | Killed ilikecats's ghost
 23656 | Orc:2    | Bought a scroll of blinking for 135 gold pieces
 23793 | Orc:2    | Bought a scroll labeled ITSAFR LEALUTO for 36 gold pieces
 23793 | Orc:2    | Bought a potion of agility for 144 gold pieces
 24879 | D:14     | Killed Rupert
 24879 | D:14     | Received a gift from Okawaru
 25074 | D:14     | Noticed dorian's ghost (adept FoAK)
 25113 | D:14     | Killed dorian's ghost
 25402 | D:14     | Reached XP level 16. HP: 96/96 MP: 27/27
 25957 | D:15     | Entered Level 15 of the Dungeon
 26507 | D:15     | Reached skill level 10 in Armour
 26855 | D:15     | Found a staircase to the Depths.
 27498 | Orc:1    | Found Wuocwyi's Armour Boutique.
 27533 | Orc:1    | Bought a +1 pair of gloves of strength for 231 gold pieces
 27844 | Orc:1    | Found a roughly hewn altar of Beogh.
 28212 | Snake:1  | Entered Level 1 of the Snake Pit
 28949 | Snake:1  | Reached skill level 15 in Unarmed Combat
 29466 | Lair:5   | Learned a level 2 spell: Repel Missiles
 29673 | Snake:1  | Got a crude golden ring
 29683 | Snake:1  | Reached skill level 10 in Fighting
 29684 | Snake:1  | Found Ymeocsoisk's Weapon Boutique.
 29693 | Snake:1  | Received a gift from Okawaru
 30679 | Snake:2  | Identified the ring of Huwigul {+Inv rPois MR++ Str+2 Int-4} (You found it on level 1 of the Snake Pit)
 30735 | Snake:2  | Received a gift from Okawaru
 30826 | Snake:2  | Reached XP level 17. HP: 93/102 MP: 26/29
 31403 | Snake:2  | Noticed Nikola
 31435 | Snake:2  | Killed Nikola
 33201 | Snake:3  | Received a gift from Okawaru
 33772 | Snake:4  | Entered Level 4 of the Snake Pit
 34028 | Snake:4  | Found Lovixev's Book Shop.
 34571 | Snake:4  | Reached skill level 5 in Charms
 34909 | Snake:4  | Reached skill level 16 in Unarmed Combat
 34988 | Snake:4  | Received a gift from Okawaru
 36594 | Snake:4  | Received a gift from Okawaru
 36597 | Snake:4  | Got a dazzling plate armour {god gift}
 36613 | Snake:4  | Identified the +2 plate armour of Tuoxeuh {+Inv MP+9 Str+3} (Okawaru gifted it to you on level 4 of the Snake Pit)
 36689 | Snake:4  | Reached XP level 18. HP: 104/108 MP: 31/31
 37626 | Snake:4  | Got a serpentine rune of Zot
 37842 | Snake:4  | Reached skill level 10 in Evocations
 38726 | Vaults:1 | Entered Level 1 of the Vaults
 39394 | Vaults:1 | Noticed Saint Roka
 39408 | Vaults:1 | Killed Saint Roka
 39434 | Vaults:1 | Received a gift from Okawaru
 40344 | Vaults:1 | Reached XP level 19. HP: 72/115 MP: 30/32
 41057 | Vaults:1 | Received a gift from Okawaru
 41060 | Vaults:1 | Got a crude cloak {god gift}
 41082 | Vaults:1 | Identified the +0 cloak of the Fiend {rN+} (Okawaru gifted it to you on level 1 of the Vaults)
 41563 | Vaults:1 | Got a fine ivory ring
 41575 | Vaults:1 | Noticed a lich
 41587 | Vaults:1 | Killed a lich
 41587 | Vaults:1 | Reached skill level 17 in Unarmed Combat
 41621 | Vaults:1 | Noticed a tentacled monstrosity
 41812 | Vaults:1 | Killed a tentacled monstrosity
 42508 | Vaults:1 | Identified the ring "Oghizxorph" {rPois rF+ MP+9 Stlth-} (You took it off an orc on level 1 of the Vaults)
 42520 | Vaults:1 | Identified the Papyrus of Torrid Intoxication (You found it on level 1 of the Vaults)
 43091 | Vaults:2 | Received a gift from Okawaru
 43231 | Vaults:2 | Noticed a lich
 43364 | Vaults:2 | Received a gift from Okawaru
 43387 | Vaults:2 | Got a heavily runed troll leather armour {god gift}
 43388 | Vaults:2 | Identified the +1 troll leather armour of the Sun {Regen+ Int+3 Dex+2} (Okawaru gifted it to you on level 2 of the Vaults)
 43437 | Vaults:2 | Killed a lich
 43437 | Vaults:2 | Reached XP level 20. HP: 94/121 MP: 34/34
 43473 | Vaults:2 | Found a staircase to the Crypt.
 46015 | Vaults:3 | Received a gift from Okawaru
 47207 | Vaults:4 | Noticed Mennas
 47230 | Vaults:4 | Killed Mennas
 47230 | Vaults:4 | Reached skill level 18 in Unarmed Combat
 47239 | Vaults:4 | Got a crude large shield
 47240 | Vaults:4 | Identified the cursed +0 large shield of Mimuet {rN+} (You took it off Mennas on level 4 of the Vaults)
 47417 | Vaults:4 | Reached XP level 21. HP: 80/128 MP: 34/35
 47427 | Vaults:4 | Received a gift from Okawaru
 47453 | Vaults:4 | Reached skill level 10 in Spellcasting
 47873 | Vaults:4 | Received a gift from Okawaru
 47951 | Vaults:4 | Found a magical portal.
 47967 | WizLab   | Entered Iskenderun's Mystic Tower
 48688 | WizLab   | Identified Iskenderun's Guide on Arcane Weapons
 48688 | WizLab   | Identified Iskenderun's Handbook of Blows and Bruises
 49291 | Vaults:4 | Received a gift from Okawaru
 49803 | Shoals:1 | Entered Level 1 of the Shoals
 50359 | Shoals:1 | Noticed Donald
 50383 | Shoals:1 | Killed Donald
 50702 | Shoals:2 | Noticed Aizul
 50719 | Shoals:2 | Killed Aizul
 51285 | Shoals:3 | Received a gift from Okawaru
 51311 | Shoals:3 | Got a diamond-encrusted chain mail {god gift}
 51312 | Shoals:3 | Identified the +8 chain mail of Complete Protection {Int+4} (Okawaru gifted it to you on level 3 of the Shoals)
 51613 | Shoals:3 | Reached XP level 22. HP: 107/134 MP: 37/37
 51682 | Shoals:4 | Entered Level 4 of the Shoals
 51758 | Shoals:4 | Noticed Ilsuiw
 52088 | Shoals:4 | Killed Ilsuiw
 52659 | Shoals:4 | Reached skill level 15 in Shields
 52667 | Shoals:4 | Got a barnacled rune of Zot
 52774 | Shoals:4 | Found a runed door.
 53150 | Shoals:4 | Identified Efyus's Almanac of Stones and Evil
 53233 | Shoals:4 | Reached skill level 19 in Unarmed Combat
 53525 | Shoals:4 | Received a gift from Okawaru
 54072 | Depths:1 | Entered Level 1 of the Depths
 54072 | Depths:1 | Found a gateway to Hell.
 54372 | Depths:1 | Reached skill level 10 in Translocations
 54372 | Depths:1 | Reached XP level 23. HP: 128/140 MP: 39/39
 54800 | Depths:1 | Got a heavily runed bronze amulet
 54801 | Depths:1 | Identified the amulet "Rusyag" {rElec rF- rC+ Regen+ Int+2} (You found it on level 1 of the Depths)
 55499 | Depths:1 | Received a gift from Okawaru
 55888 | Depths:2 | Noticed Jorgrun
 55896 | Depths:2 | Killed Jorgrun
 55896 | Depths:2 | Received a gift from Okawaru
 55899 | Depths:2 | Got a pair of faintly humming gloves {god gift}
 55900 | Depths:2 | Identified the +2 pair of gloves "Cushu" {Int+2} (Okawaru gifted it to you on level 2 of the Depths)
 56033 | Depths:2 | Noticed a juggernaut
 56040 | Depths:2 | Killed a juggernaut
 56217 | Depths:2 | Noticed the Enchantress
 56229 | Depths:2 | Killed the Enchantress
 56236 | Depths:2 | Got a faerie dragon armour
 56242 | Depths:2 | Identified the +2 faerie dragon armour {+Inv rPois rCorr HP-10 Int-5} (You took it off the Enchantress on level 2 of the Depths)
 56287 | Depths:2 | Noticed Sojobo
 56346 | Depths:2 | Killed Sojobo
 56346 | Depths:2 | Reached XP level 24. HP: 95/145 MP: 27/39
 56668 | Depths:2 | Found a one-way gate leading to the halls of Pandemonium.
 56961 | Depths:3 | Noticed Xtahua
 57200 | Depths:2 | Killed Xtahua
 57669 | Depths:3 | Noticed a caustic shrike
 57680 | Depths:3 | Killed a caustic shrike
 57768 | Depths:3 | Received a gift from Okawaru
 57844 | Depths:3 | Got a pair of bloodstained gloves {god gift}
 57846 | Depths:3 | Identified the +0 pair of gloves "Zoplena" {Int+4} (Okawaru gifted it to you on level 3 of the Depths)
 58655 | Depths:3 | Learned a level 6 spell: Statue Form
 58821 | Depths:3 | Reached skill level 20 in Unarmed Combat
 58821 | Depths:3 | Reached skill level 10 in Charms
 58845 | Depths:3 | Noticed a caustic shrike
 58860 | Depths:3 | Killed a caustic shrike
 59207 | Depths:3 | Gained mutation: You are agile. (Dex +2) [potion of beneficial mutation]
 59709 | Depths:3 | Reached XP level 25. HP: 138/152 MP: 38/39
 60064 | Depths:4 | Received a gift from Okawaru
 60064 | Depths:4 | Reached skill level 15 in Dodging
 60079 | Depths:4 | Got a polished chain mail {god gift}
 60080 | Depths:4 | Identified the +0 chain mail of Piesuteg {rC++ Int+4} (Okawaru gifted it to you on level 4 of the Depths)
 60162 | Depths:4 | Found a one-way gate to the infinite horrors of the Abyss.
 60302 | Depths:4 | Noticed a juggernaut
 61062 | Depths:4 | Reached skill level 15 in Evocations
 61136 | Depths:4 | Killed a juggernaut
 61622 | Depths:5 | Entered Level 5 of the Depths
 61699 | Depths:5 | Received a gift from Okawaru
 62269 | Depths:5 | Noticed Jory
 62535 | Depths:5 | Killed Jory
 62942 | Depths:5 | Found a gateway to a ziggurat.
 63027 | Depths:5 | Reached skill level 15 in Armour
 63189 | Depths:5 | Reached XP level 26. HP: 100/160 MP: 34/40
 63293 | Depths:5 | Found a gate to the Realm of Zot.
 63356 | Depths:5 | Reached skill level 21 in Unarmed Combat
 64108 | Vaults:5 | Entered Level 5 of the Vaults
 64169 | Vaults:4 | Received a gift from Okawaru
 64172 | Vaults:4 | Got a pair of bloodstained gloves {god gift}
 64174 | Vaults:4 | Identified the +3 pair of gloves "Istrol" {rF+ Dex+3} (Okawaru gifted it to you on level 4 of the Vaults)
 64889 | Vaults:5 | Noticed an ancient lich
 65693 | Vaults:5 | Killed an ancient lich
 65693 | Vaults:5 | Reached skill level 15 in Fighting
 65736 | Vaults:5 | Got a transparent tin ring
 65737 | Vaults:5 | Identified the ring "Ytink" {*Tele rC+} (You found it on level 5 of the Vaults)
 66123 | Vaults:5 | Got a heavily runed lapis lazuli ring
 66217 | Vaults:5 | Noticed an ancient lich
 66226 | Vaults:5 | Killed an ancient lich
 66285 | Vaults:5 | Reached XP level 27. HP: 105/165 MP: 36/40
 66551 | Vaults:5 | Received a gift from Okawaru
 66554 | Vaults:5 | Got a pair of jewelled gloves {god gift}
 66559 | Vaults:5 | Identified the ring of Dumoppau {rPois MP+9} (You took it off a deep elf death mage on level 5 of the Vaults)
 66561 | Vaults:5 | Identified the +0 pair of gloves of Ruyv {rElec rF- Regen+ Slay+4} (Okawaru gifted it to you on level 5 of the Vaults)
 66661 | Vaults:5 | Gained mutation: You are very agile. (Dex +4) [helix card]
 67127 | Vaults:5 | Noticed an ancient lich
 67135 | Vaults:5 | Killed an ancient lich
 67554 | Vaults:5 | Noticed an ancient lich
 67567 | Vaults:5 | Killed an ancient lich
 67916 | Vaults:5 | Got a silver rune of Zot
 68585 | Zot:1    | Entered Level 1 of the Realm of Zot
 68603 | Zot:1    | Received a gift from Okawaru
 68717 | Zot:1    | Reached skill level 22 in Unarmed Combat
 69855 | Zot:2    | Reached skill level 1 in Necromancy
 70469 | Zot:2    | Received a gift from Okawaru
 71142 | Zot:2    | Identified a +8 rod of inaccuracy (12/12) (You took it off a tengu reaver on level 5 of the Vaults)
 71319 | Zot:3    | Received a gift from Okawaru
 72723 | Zot:3    | Gained mutation: You passively map a small area around you. [potion of beneficial mutation]
 72887 | Zot:4    | Received a gift from Okawaru
 74050 | Zot:4    | Noticed an orb of fire
 74050 | Zot:4    | Lost intelligence.
 74101 | Zot:4    | Gained mutation: You are weak. (Str -2) [an orb of fire]
 74102 | Zot:4    | Gained mutation: You tend to lose your temper in combat. [an orb of fire]
 74106 | Zot:5    | Entered Level 5 of the Realm of Zot
 74173 | Zot:4    | Lost intelligence.
 74513 | Zig:1    | Entered Level 1 of a ziggurat
 74541 | Zig:2    | Entered Level 2 of a ziggurat
 74578 | Zig:2    | Lost mutation: You are weak. (Str -2) [potion of beneficial mutation]
 74582 | Zig:3    | Entered Level 3 of a ziggurat
 74616 | Zig:3    | Identified a +3 rod of shadows (9/9) (You found it on level 3 of a ziggurat)
 74624 | Zig:4    | Entered Level 4 of a ziggurat
 74646 | Zig:4    | Lost intelligence.
 74670 | Zig:4    | Identified the Handbook of Floating Bewitchment
 74713 | Zig:5    | Entered Level 5 of a ziggurat
 74770 | Zig:5    | Got a pair of smoking gloves
 74773 | Zig:5    | Identified the +2 pair of gloves "Rixekofiri" {-Cast rElec Regen+ MP+9} (You found it on level 5 of a ziggurat)
 74778 | Zig:6    | Entered Level 6 of a ziggurat
 74790 | Zig:6    | Reached skill level 5 in Necromancy
 74845 | Zig:6    | Identified the Catalogue of Earthen Arcane Weapons (You found it on level 6 of a ziggurat)
 74848 | Zig:7    | Entered Level 7 of a ziggurat
 75519 | Elf:1    | Entered Level 1 of the Elven Halls
 75669 | Elf:1    | Identified the Tome of Combat Magic (You found it on level 1 of the Elven Halls)
 76443 | Elf:1    | Reached skill level 23 in Unarmed Combat
 76795 | Elf:2    | Found a radiant altar of Vehumet.
 76953 | Elf:2    | Found a runed door.
 76978 | Elf:2    | Found a runed door.
 77103 | Elf:2    | Received a gift from Okawaru
 77288 | Orc:2    | Bought a scroll of holy word for 135 gold pieces
 77293 | Orc:2    | Bought a potion of cancellation for 112 gold pieces
 77293 | Orc:2    | Bought a potion of invisibility for 112 gold pieces
 77309 | Orc:2    | Bought 3 scrolls of identify for 216 gold pieces
 77987 | Zot:5    | Noticed an orb of fire
 78004 | Zot:5    | Killed an orb of fire
 78949 | Zot:5    | Noticed an orb of fire
 78950 | Zot:5    | Gained mutation: You expend magic power (3 MP) to strengthen your wands. [an orb of fire]
 78965 | Zot:5    | Killed an orb of fire
 78971 | Zot:5    | Received a gift from Okawaru
 79069 | Zot:5    | Noticed an ancient lich
 79078 | Zot:5    | Killed an ancient lich
 79155 | Zot:5    | Received a gift from Okawaru
 79273 | Zot:5    | Reached skill level 15 in Charms
 79334 | Zot:5    | Got the Orb of Zot
 79341 | Zot:5    | Noticed Voganin the pandemonium lord
 79885 | D:1      | Killed Terence
 79900 | D:$      | Escaped with the Orb!

Skill      XL: |  1  2  3  4  5  6  7  8  9 10 11 12 13 14 15 16 17 18 19 20 21 22 23 24 25 26 27 |
---------------+----------------------------------------------------------------------------------+-----
Unarmed Combat | 5 6 7 8 9 10 11 12 13 14 15 16 17 18 19 20 21 23 | 23.6
Dodging        | 4 5 6 7 8 9 10 11 12 13 14 15 16 17 | 17.6
Fighting       | 4 5 6 7 8 9 10 11 12 13 14 15 16 | 16.5
Shields        | 1 2 3 5 6 8 9 10 11 12 13 14 15 16 17 | 17.9
Armour         | 1 2 3 4 5 6 7 8 9 10 11 12 13 14 15 17 | 17.3
Invocations    | 1 2 4 5 6 |  6.4
Spellcasting   | 1 3 4 5 6 7 8 9 10 11 12 14 | 14.5
Translocations | 1 2 3 4 5 6 7 8 9 10 11 12 | 12.7
Evocations     | 1 4 6 8 9 10 11 12 13 14 15 17 | 17.3
Charms         | 2 3 4 5 6 7 8 9 10 11 12 15 | 15.0
Necromancy     | 7 |  7.0
Stealth        | |  2.0

Action                   |  1- 3 |  4- 6 |  7- 9 | 10-12 | 13-15 | 16-18 | 19-21 | 22-24 | 25-27 || total
-------------------------+-------+-------+-------+-------+-------+-------+-------+-------+-------++-------
Melee: Unarmed           |    65 |   154 |   421 |   887 |  2167 |  1910 |  1877 |  1444 |  3572 || 12497
       Kick              |    17 |    44 |   133 |   326 |   808 |   853 |   946 |   777 |  2139 ||  6043
       Peck              |    14 |    28 |    80 |   225 |   533 |   546 |   662 |   515 |  1330 ||  3933
       Punch             |       |     1 |       |       |       |       |       |       |       ||     1
       Headbutt          |       |       |    65 |   227 |   538 |   539 |   665 |   491 |  1436 ||  3961
 Cast: Regeneration      |       |       |       |       |       |       |    10 |    40 |    17 ||    67
       Repel Missiles    |       |       |       |       |       |       |     1 |     8 |     9 ||    18
       Passage of Golubr |       |       |       |       |       |       |       |       |    16 ||    16
       Apportation       |       |       |       |       |       |       |       |       |     2 ||     2
       Blink             |       |       |       |       |       |       |       |       |     1 ||     1
Invok: Heroism           |       |       |     3 |    21 |    21 |    17 |    21 |    12 |    27 ||   122
       Finesse           |       |       |       |       |     2 |     1 |     3 |       |     2 ||     8
 Abil: Fly               |       |       |       |     5 |     2 |     1 |     2 |     6 |     6 ||    22
       Stop Flying       |       |       |       |       |     1 |     2 |     1 |     6 |     6 ||    16
       Evoke Invisibilit |       |       |       |       |       |       |       |     1 |       ||     1
Evoke: Wand              |       |       |       |    16 |     8 |    11 |       |     1 |    22 ||    58
       Rod               |       |       |       |       |     3 |    57 |    24 |     8 |    13 ||   105
       Lamp of fire      |       |       |       |       |     2 |     4 |     7 |     7 |    18 ||    38
       Box of beasts     |       |       |       |       |       |       |    10 |     7 |     9 ||    26
       Fan of gales      |       |       |       |       |       |       |       |       |     5 ||     5
       Deck              |       |       |       |       |       |       |       |       |     4 ||     4
       Sack of spiders   |       |       |       |       |       |       |       |       |     7 ||     7
       Stone of tremors  |       |       |       |       |       |       |       |       |     2 ||     2
  Use: Scroll            |     5 |     1 |     8 |     9 |    19 |    13 |     8 |    15 |    35 ||   113
       Potion            |     3 |       |     1 |     4 |     6 |     2 |    12 |     3 |    14 ||    45
 Stab: Sleeping          |     1 |     4 |     1 |     3 |    10 |     7 |       |     1 |     1 ||    28
       Distracted        |       |     1 |       |       |     1 |       |     3 |     2 |     6 ||    13
       Confused          |       |       |       |       |     2 |       |       |       |     4 ||     6
       Invisible         |       |       |       |       |       |       |       |    14 |       ||    14
       Paralysed         |       |       |       |       |       |       |       |       |     3 ||     3
  Eat: Chunk             |       |     5 |    13 |    20 |    26 |    10 |    17 |     3 |       ||    94
       Royal jelly       |       |       |       |     3 |     3 |     1 |       |       |     3 ||    10
       Pizza             |       |       |       |     2 |     5 |    11 |     1 |     1 |     5 ||    25
       Beef jerky        |       |       |       |       |     5 |     2 |     2 |     5 |     4 ||    18
       Fruit             |       |       |       |       |     3 |    24 |       |     4 |       ||    31
       Meat ration       |       |       |       |       |       |       |     4 |     3 |    12 ||    19
       Bread ration      |       |       |       |       |       |       |       |     1 |       ||     1
Armor: Robe              |    17 |    37 |     4 |       |       |       |       |       |       ||    58
       Chain mail        |       |       |   194 |   285 |   692 |   322 |    11 |   294 |    61 ||  1859
       Plate armour      |       |       |       |       |       |   115 |   435 |       |       ||   550
       Gold dragon armou |       |       |       |       |       |       |       |       |  1102 ||  1102
Dodge: Dodged            |    58 |    64 |    78 |   215 |   760 |   608 |   553 |   672 |  1403 ||  4411
       Deflected         |       |       |       |       |       |       |     2 |    28 |    32 ||    62
Block: Shield            |       |    13 |   174 |   394 |  1253 |  1206 |  1157 |   898 |  2254 ||  7349
       Large shield      |       |       |       |       |   261 |       |       |       |       ||   261
